 Dungeon Crawl Stone Soup version 0.19.0-24-gb05acd6 (webtiles) character file.

678022 Gorice the Slayer (level 27, -6/220 HPs)
             Began as a Demonspawn Gladiator on Nov 17, 2016.
             Was the Champion of Kikubaaqudgha.
             Killed from afar by a Hell Sentinel (33 damage)
             ... with damnation
             ... in Pandemonium on Nov 20, 2016.
             The game lasted 10:27:18 (88501 turns).

Gorice the Slayer (Demonspawn Gladiator)           Turns: 88501, Time: 10:27:21

Health: -6/220     AC: 45    Str: 24    XL:     27
Magic:  0/41       EV: 22    Int: 19    God:    Kikubaaqudgha [******]
Gold:   3819       SH:  0    Dex: 19    Spells: 15 memorised, 3 levels left

rFire  + + +     SeeInvis .     a - +9 demon whip of Execution {venom, rN+}
rCold  + . .     Gourm    .     s - +10 shadow dragon scales
rNeg   + . .     Faith    .     (no shield)
rPois  +         Spirit   +     o - +2 helmet {Int+3}
rElec  +         Reflect  .     Z - +2 cloak {rPois}
rCorr  .         Harm     .     w - +3 pair of gloves "Latoshrakh" {rElec rF++}
MR     ++...                    (boots unavailable)
Stlth  +++.......               t - amulet of Vitality {Regen+ HP+15}
                                F - ring "Suf Roja" {+Fly Str+4 Dex+5 Slay+3}
                                n - +5 ring of slaying

@: studying Dodging, repel missiles
A: talons 3, molten scales 3, clumsy 1, cold resistance 1, frail 1, passive
freeze, powered by death 3, magic shield, magic regeneration, magic link,
freezing cloud immunity
a: Receive Corpses, Torment, Brand Weapon With Pain, Receive Necronomicon,
Renounce Religion, Evoke Flight
}: 4/15 runes: decaying, serpentine, slimy, silver


You were in Pandemonium.
You worshipped Kikubaaqudgha.
Kikubaaqudgha was exalted by your worship.
You were not hungry.

You visited 11 branches of the dungeon, and saw 53 of its levels.
You visited Pandemonium 1 time, and saw 8 of its levels.
You also visited: Ossuary and Wizlab.

You collected 7822 gold pieces.
You spent 4003 gold pieces at shops.

Inventory:

Hand Weapons
 a - the +9 demon whip of Execution (weapon) {venom, rN+}
   (You acquired it on level 1 of the Lair of Beasts)

   It poisons the flesh of those it strikes.
   It protects you from negative energy.
 b - a +4 demon whip of flaming
   (You took it off a hell knight on level 4 of the Depths)
 f - the +5 great mace "Xucec" {freeze, rPois Int+2}
   (You took it off an ironheart preserver on level 5 of the Vaults)

   It has been specially enchanted to freeze those struck by it, causing extra
   injury to most foes and up to half again as much damage against particularly
   susceptible opponents.
   It can also slow down cold-blooded creatures.
   It affects your intelligence (+2).
   It protects you from poison.
 S - a +2 demon whip of electrocution
   (You took it off a torturous demonspawn in Pandemonium)
Missiles
 y - a silver javelin (quivered)
 U - 8 javelins
 Y - 2 throwing nets
Armour
 o - a +2 helmet of intelligence (worn)
   (You bought it in a shop on level 3 of the Snake Pit)
 s - +10 shadow dragon scales (worn)
 w - the +3 pair of gloves "Latoshrakh" (worn) {rElec rF++}
   (You bought it in a shop on level 12 of the Dungeon)

   It greatly protects you from fire.
   It insulates you from electricity.
 H - a +2 buckler of protection
   (You took it off a vault sentinel on level 5 of the Vaults)
 L - +2 ice dragon scales
 Z - a +2 cloak of poison resistance (worn)
   (You took it off a draconian shifter on level 5 of the Depths)
Rods
 R - a +5 rod of inaccuracy (10/10) {!a}
   (You took it off a deep elf demonologist on level 3 of the Elven Halls)
Jewellery
 n - a +5 ring of slaying (left hand)
 r - an uncursed ring of resist corrosion
 t - the amulet of Vitality (around neck) {Regen+ HP+15}
   (You found it on level 3 of the Depths)

   [amulet of regeneration]

   It affects your health (+15).
   It increases your rate of regeneration.
 C - the ring of Neadoges {rC+ Str+5}
   (You took it off a deep elf knight on level 2 of the Elven Halls)

   [ring of protection from cold]

   It affects your strength (+5).
   It protects you from cold.
 F - the ring "Suf Roja" (right hand) {+Fly Str+4 Dex+5 Slay+3}
   (You found it on level 3 of the Crypt)

   [ring of dexterity]

   It affects your strength (+4).
   It affects your dexterity (+5).
   It affects your accuracy and damage with ranged weapons and melee attacks
   (+3).
   It lets you fly.
 I - an uncursed ring of see invisible
 M - an uncursed ring of protection from magic
 V - an uncursed ring of protection from magic
Wands
 D - a wand of teleportation (7/9) {!d}
 E - a wand of digging (11/24)
Scrolls
 c - 26 scrolls of remove curse
 i - 3 scrolls of teleportation {!r}
 j - 19 scrolls of identify
 p - 10 scrolls of magic mapping {!r}
 v - 10 scrolls of recharging
 z - 6 scrolls of fog
 K - 8 scrolls of blinking
 T - 7 scrolls of fear {!r}
 W - 4 scrolls of silence {!r}
 X - 3 scrolls of summoning {!r}
Potions
 d - 2 potions of cure mutation {!q}
 g - 13 potions of curing
 h - 5 potions of might {!q}
 m - 5 potions of heal wounds {!q}
 q - 9 potions of agility {!q}
 u - 7 potions of resistance {!q}
 A - 7 potions of cancellation {!q}
 B - 6 potions of brilliance {!q}
 G - a potion of invisibility {!q}
 N - 2 potions of haste {!q}
Books
 e - a manual of Dodging {!d}
 Q - a book of Death
Miscellaneous
 k - a box of beasts
 O - a sack of spiders
Comestibles
 l - 24 fruits
 x - a meat ration {!e}
 J - 24 bread rations {!e}
 P - 6 chunks of flesh


   Skills:
 + Level 21.3 Fighting
 - Level 20.0 Maces & Flails
 - Level 1.7 Throwing
 - Level 20.0 Armour
 + Level 18.9 Dodging
 - Level 4.0 Shields
 - Level 14.1 Spellcasting
 - Level 7.5 Charms
 - Level 10.4 Summonings
 - Level 18.0 Necromancy
 - Level 8.7 Translocations
 - Level 6.0 Evocations


You had 3 spell levels left.
You knew the following spells:

 Your Spells              Type           Power        Failure   Level  Hunger
a - Vampiric Draining     Necr           ######....   1%          3    None
b - Shadow Creatures      Summ           N/A          34%         6    #####..
c - Death Channel         Necr           ######....   1%          6    #####..
d - Dispel Undead         Necr           ######..     1%          5    ####...
e - Haunt                 Necr/Summ      ######....   43%         7    #######
p - Portal Projectile     Tloc           #####.       1%          3    None
r - Recall                Summ/Tloc      N/A          1%          3    None
u - Control Undead        Necr           ######....   1%          4    None
y - Lesser Beckoning      Tloc           #####.....   1%          3    None
A - Apportation           Tloc           #####.....   1%          1    None
B - Summon Butterflies    Summ           ######..     1%          1    None
J - Blink                 Tloc           N/A          1%          2    None
M - Repel Missiles        Chrm/Air       ####..       8%          2    None
R - Regeneration          Chrm/Necr      ######....   1%          3    None
S - Swiftness             Chrm/Air       ####....     8%          2    None


Dungeon Overview and Level Annotations

Branches:
Dungeon (15/15)            Temple (1/1) D:6            Lair (6/6) D:11
  Swamp (4/4) Lair:4        Snake (4/4) Lair:4        Slime (5/5) Lair:6
    Orc (2/2) D:12            Elf (3/3) Orc:2        Vaults (5/5) D:14
  Crypt (3/3) Vaults:2       Tomb (0/3) Crypt:3      Depths (5/5) D:15
    Zot (0/5) Depths:5

Altars:
Ashenzari
Cheibriados
Dithmenos
Elyvilon
Fedhas
Gozag
Hepliaklqana
Kikubaaqudgha
Makhleb
Nemelex Xobeh
Okawaru
Qazlal
Ru
Sif Muna
Trog
Uskayaw
Vehumet
Xom
Yredelemnul
Zin
The Shining One
Beogh
Jiyva
Lugonu

Shops:
D:7 (   D:10 =}?=   D:12 ([   D:15 !   Orc:2 ?%*(   Snake:1 %%**
Snake:3 =[?[[   Snake:4 }}=   Vaults:4 [   Vaults:5 =   Depths:3 :   Depths:4 [

Portals:
Hell: Depths:1 Depths:2 Depths:3 Depths:4 Depths:5
Abyss: Depths:4
Pandemonium: Depths:3
Ziggurat: Depths:2
Trove: D:15 (give +3 ice dragon scales)

Annotations:
Lair:4 vpUX: swamp guarded by 6 eels
Elf:1 exclusion: Roxanne, Frances, Roxanne


Innate Abilities, Weirdness & Mutations

You have claws for feet.
You are completely covered in molten scales. (AC +4, rF+)
Your flesh is cold resistant. (rC+)
A frigid envelope surrounds you and freezes all who hurt you.
You regenerate a lot of health from kills.
When hurt, damage is shared between your health and your magic reserves.
You regenerate magic rapidly.
When low on magic, you restore magic in place of health.
You are immune to freezing clouds.
You are clumsy. (Dex -2)
You are frail. (-10% HP)


Message History

The sphere of damnation explodes!
The damnation engulfs the chaos spawn.
The chaos spawn dies!
The chaos spawn degenerates into a cloud of primal chaos!
The damnation engulfs the Hell Sentinel.
The Hell Sentinel completely resists.
The damnation engulfs you!
* * * LOW HITPOINT WARNING * * *
You hear a chilling moan.
You hear a screech!
A demonic crawler comes into view.
You hit the Hell Sentinel. You claw the Hell Sentinel.
The Hell Sentinel is almost dead.
Your spectral gelid demonspawn is struck by the Hell Sentinel's spines.
Your spectral gelid demonspawn hits the Hell Sentinel but does no damage.
Your spectral corrupter is struck by the Hell Sentinel's spines.
Your spectral corrupter hits the Hell Sentinel!
The Hell Sentinel gestures at you.
The sphere of damnation explodes!
The damnation engulfs you!
* * * LOW HITPOINT WARNING * * *
The damnation engulfs the Hell Sentinel.
The Hell Sentinel completely resists.
You hear a roar!
You hit the Hell Sentinel.
You claw the Hell Sentinel, but do no damage.
The Hell Sentinel is almost dead.
The demonic crawler hits your spectral black sun. x3
Damage: 65 (max 65) Unknown command.
Unknown command.
Unknown command.
Unknown command.
Unknown command.
Unknown command.
Casting: Death Channel
Confirm with . or Enter, or press ? or * to list all spells.
You blink.
The Hell Sentinel gestures at you.
The sphere of damnation explodes!
The damnation engulfs you!
* * * LOW HITPOINT WARNING * * *
The chaos spawn briefly grows a face disturbingly similar to your own.
Damage: 33 (max 65) Unknown command.
Unknown command.
Really quaff
m - 6 potions of heal wounds {!q}?
You feel much better. The Hell Sentinel gestures at you.
The sphere of damnation explodes!
The damnation engulfs the chaos spawn.
The chaos spawn dies!
The chaos spawn degenerates into a cloud of primal chaos!
The damnation engulfs you!
You die...
Kikubaaqudgha rasps: "You have failed me!
Welcome... death!"

### #..# #..# #..#
#..# #..# #..# #..#
.# #..#
#..####..#####..###
#..................
#................ZZ
#.@# #..#####.Z###
###.§# #..# #Z.#
....# #..# #Z.#
###..# #..#####..#
#.1####.........#
#.1§.ZZ.........###
#..Z.ZZ..#####.....
#..####s.# #.....
#.. #..# #..###


You could see 2 Hell Sentinels and a friendly spectral gelid demonspawn.

Vanquished Creatures
  the Royal Jelly (Slime:5)
  Mennas (Vaults:3)
  An ancient lich (Depths:4)
  Sojobo (Depths:1)
  Margery (Depths:4)
  Frederick (Crypt:1)
  3 pandemonium lords (Pan)
  3 caustic shrikes (Depths:2)
  2 golden dragons (Depths:4)
  A bone dragon (Depths:1)
  2 Tzitzimimeh (Pan)
  Jorgrun (Snake:4)
  4 liches
  Rupert (Snake:1)
  3 Hell Sentinels (Pan)
  2 Ice Fiends (Pan)
  4 tentacled monstrosities
  2 deep elf blademasters (Elf:3)
  3 titans
  3 sphinxes
  16 acid blobs
  2 deep elf master archers (Elf:3)
  An Executioner (Pan)
  5 ancient champions
  2 thorn hunters
  8 shadow dragons
  11 tengu reavers
  Kirke (Snake:2)
  14 azure jellies
  4 revenants
  6 storm dragons
  A draconian monk (Depths:5)
  Donald (Elf:1)
  9 nagarajas
  4 fire giants
  A cacodemon (Pan)
  4 frost giants
  14 vault wardens
  An orc warlord (Orc:1)
  3 balrugs
  2 deep elf sorcerers (Elf:3)
  Aizul (Snake:1)
  A juggernaut zombie (Crypt:3)
  A caustic shrike zombie (Depths:1)
  2 iron dragons (Depths:4)
  8 ghouls
  4 curse skulls
  2 warmongers (Pan)
  The ghost of newuser the Brawler, a journeyman MiBe of Trog (Depths:1)
  3 reapers (Pan)
  7 deep elf elementalists
  4 spriggan defenders
  A juggernaut skeleton (Depths:1)
  10 ironheart preservers
  18 very ugly things
  4 blood saints (Pan)
  2 war gargoyles
  A caustic shrike skeleton (Depths:1)
  13 stone giants
  4 deep elf demonologists
  A corrupter (Pan)
  An entropy weaver (Vaults:5)
  5 vampire knights
  2 black suns (Pan)
  Azrael (Elf:1)
  A black draconian (Depths:5)
  A spectral titan (Crypt:3)
  10 deep elf annihilators
  5 spark wasps
  11 eidola
  11 ettins
  An orange crystal statue (WizLab)
  6 death oozes (Slime:5)
  Snorg (Lair:4)
  6 green deaths
  9 deep elf death magi
  A crystal guardian (Vaults:5)
  3 spectral quicksilver dragons (Crypt:3)
  24 jiangshi
  3 small abominations
  4 blizzard demons (Pan)
  The ghost of Charly the Severer, a journeyman DDGl of Makhleb (Orc:2)
  15 fire dragons
  Fannar (Orc:1)
  6 deep elf high priests
  8 great orbs of eyes
  An ice dragon (shapeshifter) (Crypt:2)
  14 yaktaur captains
  4 monstrous demonspawn
  Harold (Orc:1)
  7 rakshasas
  35 vault guards
  25 naga warriors
  22 hydras
  A quicksilver dragon skeleton (Crypt:3)
  A hell beast (Depths:3)
  2 spectral shadow dragons (Crypt:3)
  2 ghost crabs (Swamp:3)
  Erolcha (Orc:2)
  20 anacondas
  17 ice dragons
  6 death knights
  3 spriggan air magi
  Erica (D:9)
  13 centaur warriors
  2 spectral stone giants (Crypt:3)
  2 alligators
  29 dancing weapons
  5 tengu warriors
  A spectral dire elephant (Crypt:3)
  15 vampire magi
  A spectral frost giant (Crypt:3)
  Urug (D:10)
  7 deep troll shamans
  2 deep troll earth magi
  13 ogre magi
  7 shock serpents
  3 spectral storm dragons (Crypt:3)
  5 spriggan berserkers
  Nergalle (D:10)
  13 naga sharpshooters
  The ghost of Philosophy the Fighter, a novice HOFi (D:8)
  5 sun demons
  2 orc high priests
  Sonja (Lair:4)
  11 soul eaters
  2 storm dragon zombies (Depths:1)
  2 hell knights (Depths:4)
  3 titan skeletons (Depths:1)
  4 iron trolls (Depths:1)
  32 deep elf knights
  3 sixfirhies (Pan)
  A golden dragon zombie (Depths:1)
  2 salamander mystics (Snake:2)
  2 fire crabs
  8 shadow wraiths
  26 skeletal warriors
  18 deep trolls
  2 storm dragon skeletons
  A quicksilver dragon simulacrum (Crypt:3)
  An unseen horror (shapeshifter) (Vaults:3)
  A gelid demonspawn (Pan)
  13 flayed ghosts
  7 wizards
  4 shadow demons (Pan)
  A spectral anaconda (Crypt:3)
  8 naga ritualists
  A spriggan druid (Swamp:3)
  11 swamp dragons
  4 glowing orange brains
  A torturous demonspawn (Pan)
  4 unseen horrors
  A spectral hydra (Crypt:3)
  A shambling mangrove (Swamp:4)
  17 deep elf archers
  9 hill giants
  15 phantasmal warriors
  15 ironbrand convokers
  2 lindwurms (Swamp:4)
  5 harpies
  A wolf spider zombie (D:14)
  A shadow dragon zombie (Depths:1)
  4 infernal demonspawn (Pan)
  A sphinx zombie (Depths:1)
  4 necromancers
  69 deep elf magi
  17 orc knights
  2 spectral fire dragons (Crypt:3)
  An iron giant skeleton (Crypt:3)
  4 orc sorcerers
  3 wolf spiders
  45 ugly things
  2 tengu skeletons
  A harpy (shapeshifter) (Vaults:4)
  12 mana vipers
  11 salamanders
  3 shining eyes
  A spectral alligator (Crypt:2)
  2 manticores
  6 cyclopes
  9 elephants
  Joseph (D:7)
  A moth of wrath (shapeshifter) (Vaults:1)
  A shock serpent zombie (Crypt:3)
  26 naga magi
  An iron dragon skeleton (Depths:1)
  A rust devil (Pan)
  4 orange demons (Pan)
  7 smoke demons
  3 molten gargoyles (Lair:6)
  17 vault sentinels
  A titan simulacrum (Crypt:3)
  50 black mambas
  7 guardian serpents
  An eye of devastation (Slime:5)
  3 gargoyles
  15 spiny frogs
  2 dire elephant skeletons
  A storm dragon simulacrum (Crypt:3)
  A komodo dragon (shapeshifter) (Depths:2)
  25 freezing wraiths
  4 rime drakes
  2 demonic crawlers
  3 hellions (Pan)
  An ice devil (Pan)
  5 tengu conjurers
  52 yaktaurs
  9 komodo dragons
  2 elf skeletons (Depths:1)
  5 guardian mummies (Crypt:3)
  A white draconian skeleton (Crypt:1)
  2 tormentors (Pan)
  3 hellwings
  2 red devils (Depths:4)
  8 tyrant leeches
  2 polar bears (shapeshifter) (Vaults:3)
  6 trolls
  A hydra zombie (Crypt:1)
  A queen ant zombie (Crypt:3)
  A wolf spider simulacrum (D:15)
  18 hornets
  22 two-headed ogres
  A wind drake (shapeshifter) (Vaults:4)
  Prince Ribbit (D:6)
  6 polar bears
  9 bog bodies
  A spectral swamp dragon (Crypt:2)
  3 human simulacra
  A fire giant simulacrum (Vaults:3)
  A meliai zombie (D:11)
  A stone giant simulacrum (Crypt:1)
  18 blink frogs
  10 hippogriffs
  An iron dragon simulacrum (Crypt:3)
  Sigmund (D:6)
  A black mamba zombie (Crypt:1)
  110 slime creatures
  3 air elementals
  6 flying skulls
  2 ynoxinuls (Pan)
  A spriggan (shapeshifter) (Vaults:5)
  A tarantella (shapeshifter) (Depths:4)
  A centaur simulacrum (D:14)
  11 wraiths
  A redback (shapeshifter) (Vaults:5)
  12 spriggans
  5 shadows
  An ettin skeleton (Vaults:4)
  2 yaks (shapeshifter)
  2 fire elementals
  3 redbacks (Vaults:5)
  33 yaks
  A vampire (D:14)
  8 wyverns
  A hog (shapeshifter) (Depths:5)
  3 water elementals
  3 fire bats (Swamp:4)
  6 basilisks
  A basilisk (shapeshifter) (Depths:5)
  3 steam dragons
  3 golden eyes
  7 chaos spawn
  2 hungry ghosts
  An emperor scorpion simulacrum (Crypt:3)
  A neqoxec (Pan)
  A hill giant skeleton (Crypt:2)
  A gelid demonspawn zombie (Crypt:2)
  7 mottled dragons
  3 large abominations
  3 vampire mosquitoes (Crypt:2)
  Edmund (D:6)
  86 nagas
  20 swamp worms
  A soldier ant (shapeshifter) (Depths:4)
  A soldier ant (D:10)
  13 insubstantial wisps
  5 wargs
  An infernal demonspawn zombie (Crypt:2)
  18 water moccasins
  3 porcupines
  A hornet zombie (D:7)
  15 hell hounds
  7 ice beasts
  A meliai simulacrum (D:14)
  9 swamp drakes
  52 orc warriors
  5 black bears
  5 elf zombies
  4 eyes of draining
  9 sky beasts
  A black bear (shapeshifter) (Vaults:4)
  5 phantoms
  An elephant zombie (Crypt:1)
  46 ogres
  A wolf (shapeshifter) (Depths:4)
  13 wolves
  29 centaurs
  14 boggarts
  A necrophage (D:11)
  7 crocodiles
  A crocodile (shapeshifter) (Depths:1)
  A rime drake zombie (Crypt:1)
  A salamander zombie (Crypt:2)
  A draconian zombie (Crypt:1)
  4 big kobolds
  5 earth elementals
  19 bullfrogs
  A human skeleton (Vaults:5)
  2 wyvern skeletons
  A yaktaur skeleton (Crypt:2)
  A warg zombie (Crypt:2)
  14 scorpions
  A warg skeleton (Crypt:3)
  A spectral naga (Crypt:3)
  10 killer bees
  3 wights (Crypt:1)
  10 electric eels
  7 howler monkeys
  10 crimson imps
  3 centaur zombies
  5 lava snakes (Lair:6)
  A quasit (D:13)
  A bullfrog zombie (D:12)
  10 hounds
  9 human zombies
  9 orc priests
  3 bullfrog skeletons
  4 centaur skeletons
  A gnoll shaman (D:4)
  3 jellies
  A basilisk skeleton (Crypt:1)
  Ijyb (D:2)
  Terence (D:2)
  A hell rat (Crypt:2)
  3 iguanas
  13 worker ants
  22 orc wizards
  A crocodile zombie (Crypt:1)
  A crocodile skeleton (Crypt:2)
  11 mummies
  A howler monkey zombie (D:5)
  8 gnolls
  9 adders
  A swamp drake zombie (Crypt:2)
  4 shadow imps
  A white imp (D:14)
  An ufetubus (D:14)
  An adder zombie (D:8)
  A worm (D:2)
  3 dart slugs
  4 leopard geckos
  103 orcs
  8 bats
  5 giant cockroaches
  11 goblins
  4 hobgoblins (D:2)
  13 jackals
  32 kobolds
  4 quokkas
  A ball python (D:2)
  A ball python zombie (Crypt:3)
  2 frilled lizards
  A goblin skeleton (Crypt:2)
  A goblin zombie (Ossuary)
  A hobgoblin zombie (Ossuary)
  A jackal skeleton (Crypt:2)
  A kobold zombie (Ossuary)
  3 leopard gecko zombies
  3 orc zombies (Ossuary)
  A quokka skeleton (D:9)
  5 rats
2533 creatures vanquished.

Vanquished Creatures (collateral kills)
  7 caustic shrikes
  2 liches (Depths:2)
  A tentacled monstrosity (Depths:2)
  4 tengu reavers (Vaults:5)
  6 sphinxes
  2 shadow dragons (Depths:5)
  2 storm dragons
  2 fire giants
  2 frost giants (Depths:3)
  2 large abominations (Vaults:5)
  A vault warden (Vaults:5)
  3 iron dragons
  A draconian shifter (Depths:5)
  An ironheart preserver (Vaults:5)
  7 very ugly things
  A vampire knight (Depths:2)
  7 stone giants
  A black draconian (Depths:5)
  A mottled draconian (Depths:5)
  An entropy weaver (Vaults:5)
  A deep elf annihilator (Depths:3)
  A spark wasp (Depths:4)
  3 ettins
  A green death (Pan)
  3 fire dragons
  3 yaktaur captains
  2 great orbs of eyes (Depths:2)
  2 rakshasas
  3 ice dragons
  2 vault guards (Vaults:5)
  2 centaur warriors (Depths:2)
  A death knight (Vaults:5)
  2 tengu warriors
  A dancing weapon (Vaults:5)
  A deep troll shaman (Depths:5)
  3 deep troll earth magi
  A spriggan berserker (Depths:5)
  2 soul eaters (Pan)
  3 hell knights
  5 iron trolls
  A glowing orange brain (shapeshifter) (Vaults:5)
  2 deep trolls
  A glowing orange brain (Depths:5)
  A tengu zombie (Depths:2)
  A wolf spider (Vaults:5)
  An infernal demonspawn (Pan)
  2 necromancers
  2 harpies (Vaults:5)
  A deep elf mage (Vaults:5)
  9 ugly things
  A vault sentinel (Vaults:5)
  A stone giant skeleton (Depths:2)
  2 small abominations (Vaults:5)
  9 yaktaurs
  A tengu conjurer (Depths:4)
  3 red devils (Depths:4)
  2 two-headed ogres (Depths:2)
  3 hornets
  A slime creature (Depths:2)
  A slime creature (shapeshifter) (Vaults:5)
  A raiju (shapeshifter) (Depths:3)
  A redback (Vaults:5)
  A spriggan (Depths:5)
  4 air elementals
  An elf zombie (Depths:2)
  A fire elemental (Depths:4)
  A swamp worm (shapeshifter) (Depths:2)
  3 hell hounds (Depths:4)
  A floating eye (Depths:2)
  4 ogres
  A boggart (Depths:4)
  2 crimson imps (Depths:4)
  2 orc priests (Vaults:5)
  An orc (Vaults:5)
  A crawling corpse (Vaults:5)
166 creatures vanquished.

Vanquished Creatures (others)
  A very ugly thing (Depths:2)
  An ettin (Depths:5)
  An ice dragon (Depths:2)
  A gelid demonspawn (Pan)
  A deep elf mage (Elf:2)
  A naga mage (Snake:4)
  A hornet (Swamp:4)
  A slime creature (Swamp:1)
  A redback (Vaults:5)
  3 humans (Snake:2)
  3 chaos spawn (Pan)
  4 swamp drakes (Swamp:4)
  2 ogres
  2 orcs
  A crawling corpse (Vaults:5)
  23 fungi
  6 plants (Lair:6)
53 creatures vanquished.

Grand Total: 2752 creatures vanquished

Notes
Turn   | Place    | Note
-------+----------+-------------------------------------------
     0 | D:1      | Gorice the Demonspawn Gladiator began the quest for the Orb.
     0 | D:1      | Reached XP level 1. HP: 16/16 MP: 1/1
   256 | D:1      | Reached skill level 3 in Maces & Flails
   362 | D:1      | Gained mutation: You have sharp toenails. [demonic ancestry]
   362 | D:1      | Reached XP level 2. HP: 22/22 MP: 2/2
   780 | D:2      | Gained mutation: You are partially covered in molten scales. (AC +2) [demonic ancestry]
   780 | D:2      | Reached XP level 3. HP: 24/28 MP: 3/3
  1037 | D:2      | Noticed Ijyb
  1244 | D:2      | Reached skill level 3 in Fighting
  1324 | D:2      | Noticed Terence
  1334 | D:2      | Killed Terence
  1334 | D:2      | Reached skill level 4 in Maces & Flails
  1334 | D:2      | Gained mutation: You have razor-sharp toenails. [demonic ancestry]
  1334 | D:2      | Reached XP level 4. HP: 30/35 MP: 4/4
  1564 | D:2      | Killed Ijyb
  2185 | D:3      | Gained mutation: When hurt, damage is shared between your health and your magic reserves. [demonic ancestry]
  2185 | D:3      | Reached XP level 5. HP: 41/41 MP: 5/5
  2833 | D:4      | Reached skill level 4 in Fighting
  2940 | D:4      | --wow 2 pots of xp on D4!
  2940 | D:4      | Reached skill level 11 in Maces & Flails
  2940 | D:4      | Gained mutation: You regenerate magic rapidly. [demonic ancestry]
  2940 | D:4      | Reached XP level 6. HP: 48/48 MP: 6/6
  2941 | D:4      | Reached skill level 6 in Fighting
  2941 | D:4      | Reached skill level 6 in Armour
  2941 | D:4      | Gained mutation: You regenerate a little health from kills. [demonic ancestry]
  2941 | D:4      | Reached XP level 7. HP: 59/59 MP: 7/7
  3256 | D:4      | Found a shattered altar of Ashenzari.
  3327 | D:4      | Reached XP level 8. HP: 63/65 MP: 8/8
  3720 | D:5      | Entered Level 5 of the Dungeon
  3882 | D:5      | Found a sand-covered staircase.
  3915 | Ossuary  | Entered an ossuary
  3936 | Ossuary  | Reached skill level 7 in Armour
  4198 | Ossuary  | Reached skill level 12 in Maces & Flails
  4568 | D:5      | Found a stormy altar of Qazlal.
  4569 | D:5      | Noticed an air elemental
  4784 | D:5      | Reached XP level 9. HP: 64/71 MP: 7/9
  5026 | D:6      | Noticed Prince Ribbit
  5048 | D:6      | Killed Prince Ribbit
  5063 | D:6      | Noticed Edmund
  5073 | D:6      | Noticed Sigmund
  5080 | D:6      | Killed Edmund
  5106 | D:6      | Killed Sigmund
  5170 | D:6      | Found a staircase to the Ecumenical Temple.
  5187 | Temple   | Entered the Ecumenical Temple
  5478 | Temple   | Became a worshipper of Kikubaaqudgha
  6141 | D:7      | Found Plog's Weapon Emporium.
  6186 | D:7      | Found a blossoming altar of Fedhas.
  6239 | D:7      | Noticed Joseph
  6264 | D:7      | Killed Joseph
  6390 | D:7      | Reached * piety under Kikubaaqudgha
  6390 | D:7      | Identified Kikubaaqudgha's Reference Book on Evil (Kikubaaqudgha gifted it to you on level 7 of the Dungeon)
  6390 | D:7      | Received a gift from Kikubaaqudgha
  6481 | D:7      | Reached XP level 10. HP: 77/77 MP: 10/10
  7043 | D:7      | Reached skill level 8 in Armour
  7334 | D:8      | Noticed Philosophy's ghost (novice HOFi)
  7372 | D:8      | Killed Philosophy's ghost
  7372 | D:8      | Reached skill level 13 in Maces & Flails
  7804 | D:8      | Reached ** piety under Kikubaaqudgha
  7967 | D:8      | Found a runed door.
  7967 | D:8      | Noticed a manticore
  7967 | D:8      | Noticed a death knight
  7969 | D:8      | Noticed a deep elf knight
  7969 | D:8      | Noticed a six-headed hydra
  7969 | D:8      | Noticed a deep troll
  7969 | D:8      | Noticed a great orb of eyes
  8381 | D:9      | Noticed Erica
  8408 | D:9      | Killed Erica
  8893 | D:9      | Reached skill level 9 in Armour
  9192 | D:10     | Entered Level 10 of the Dungeon
  9263 | D:10     | Reached XP level 11. HP: 76/83 MP: 9/11
  9354 | D:10     | Found Nouguok's Magic Scroll Emporium.
  9357 | D:10     | Bought a scroll of identify for 28 gold pieces
  9357 | D:10     | Bought a scroll of recharging for 133 gold pieces
  9418 | D:10     | Found Qaitsa Icwio's Gadget Boutique.
  9482 | D:10     | Noticed Urug
  9503 | D:10     | Killed Urug
  9514 | D:10     | Reached *** piety under Kikubaaqudgha
  9514 | D:10     | Identified Kikubaaqudgha's Grimoire of Sinister Rituals (Kikubaaqudgha gifted it to you on level 10 of the Dungeon)
  9514 | D:10     | Received a gift from Kikubaaqudgha
  9601 | D:10     | Found Nysm's Jewellery Shoppe.
  9811 | D:10     | Killed an unseen horror
  9847 | D:10     | Noticed Nergalle
  9996 | D:10     | Noticed a hill giant
 10016 | D:10     | HP: 23/83 [hill giant/giant club (23)]
 10017 | D:10     | Killed a hill giant
 10100 | D:10     | Killed Nergalle
 10173 | D:10     | Noticed a hill giant
 10359 | D:10     | HP: 16/83 [hill giant/giant spiked club (18)]
 10698 | D:11     | Noticed a hill giant
 10711 | D:11     | Killed a hill giant
 10946 | D:11     | Reached skill level 10 in Armour
 10993 | D:11     | Found a staircase to the Lair.
 11534 | D:11     | Reached skill level 14 in Maces & Flails
 11553 | D:11     | Noticed a brown ugly thing
 11647 | D:10     | Killed a brown ugly thing
 11749 | D:10     | Reached skill level 7 in Fighting
 12365 | D:11     | Reached **** piety under Kikubaaqudgha
 12450 | D:11     | Found a roughly hewn altar of Beogh.
 12745 | D:10     | Found Ducid's Jewellery Shoppe.
 12839 | D:10     | Killed a hill giant
 12886 | D:10     | Bought an uncursed ring of poison resistance for 260 gold pieces
 12947 | Lair:1   | Entered Level 1 of the Lair of Beasts
 13029 | Lair:1   | Reached skill level 8 in Fighting
 13029 | Lair:1   | Reached XP level 12. HP: 87/92 MP: 12/12
 13363 | Lair:1   | Reached skill level 11 in Armour
 13827 | Lair:2   | Noticed a four-headed hydra
 13881 | Lair:2   | Killed a four-headed hydra
 13888 | Lair:2   | Reached skill level 9 in Fighting
 15092 | Lair:3   | Reached ***** piety under Kikubaaqudgha
 15926 | Lair:4   | Noticed Snorg
 16024 | Lair:4   | Noticed Sonja
 16030 | Lair:3   | Reached skill level 10 in Fighting
 16242 | Lair:4   | Killed Sonja
 16410 | Lair:3   | Reached skill level 12 in Armour
 16802 | Lair:4   | Killed Snorg
 17159 | Lair:4   | Noticed a seven-headed hydra
 17165 | Lair:4   | Killed a seven-headed hydra
 17165 | Lair:4   | Gained mutation: You have claws for feet. [demonic ancestry]
 17165 | Lair:4   | Reached XP level 13. HP: 100/104 MP: 13/13
 17333 | Lair:4   | Found a staircase to the Snake Pit.
 17408 | Lair:4   | Found a staircase to the Swamp.
 18227 | Lair:4   | Reached skill level 11 in Fighting
 19055 | Lair:6   | Entered Level 6 of the Lair of Beasts
 19055 | Lair:6   | Found a viscous altar of Jiyva.
 19055 | Lair:6   | Found a staircase to the Slime Pits.
 19717 | Lair:6   | Reached skill level 13 in Armour
 20366 | Lair:6   | Reached skill level 12 in Fighting
 20436 | Lair:6   | HP: 32/108 [molten gargoyle/flail (4)]
 21790 | Lair:6   | Noticed a fire dragon
 21959 | Lair:6   | Found a large runed door.
 21960 | Lair:6   | Found a large runed door.
 22164 | Lair:6   | Killed a fire dragon
 22164 | Lair:6   | Gained mutation: You are mostly covered in molten scales. (AC +3) [demonic ancestry]
 22164 | Lair:6   | Reached XP level 14. HP: 54/116 MP: 8/14
 22852 | D:12     | Found a staircase to the Orcish Mines.
 22898 | D:12     | Reached ****** piety under Kikubaaqudgha
 23151 | D:12     | Found Doos's Antique Armour Emporium.
 23159 | D:12     | Bought a pair of heavily runed gloves for 256 gold pieces
 23170 | D:12     | Identified the +3 pair of gloves "Latoshrakh" {rElec rF++} (You bought it in a shop on level 12 of the Dungeon)
 23183 | D:12     | Found Vagh's Weapon Shop.
 23448 | Orc:1    | Entered Level 1 of the Orcish Mines
 23500 | Orc:1    | Noticed Fannar
 23522 | Orc:1    | Noticed Harold
 23567 | D:12     | Bought a +0 morningstar of flaming for 147 gold pieces
 23654 | Orc:1    | Killed Fannar
 23654 | Orc:1    | Reached skill level 13 in Fighting
 23674 | Orc:1    | Killed Harold
 23995 | D:10     | Bought an uncursed ring of see invisible for 195 gold pieces
 24045 | Orc:2    | Entered Level 2 of the Orcish Mines
 24076 | Orc:2    | Reached skill level 14 in Armour
 24155 | Orc:2    | Noticed Erolcha
 24177 | Orc:2    | Killed Erolcha
 24192 | Orc:2    | Noticed Charly's ghost (journeyman DDGl)
 24234 | Orc:2    | Killed Charly's ghost
 24735 | Orc:2    | Noticed an orc warlord
 24985 | Orc:1    | Killed an orc warlord
 25133 | Orc:2    | Found a staircase to the Elven Halls.
 26110 | Orc:2    | Found Piwn's Food Emporium.
 26110 | Orc:2    | Found Karch's General Store.
 26179 | Orc:2    | Found Haott's Antique Weapon Boutique.
 26181 | Orc:2    | Found Zuitior's Magic Scroll Shoppe.
 26268 | Orc:2    | HP: 34/118 [orc warrior/uncursed glaive (15)]
 26270 | Orc:2    | HP: 9/118 [orc warrior/uncursed glaive (18)]
 26275 | Orc:2    | HP: 25/118 [orc warrior/broad axe (26)]
 26660 | Orc:2    | Reached skill level 15 in Maces & Flails
 26746 | Orc:2    | Bought a scroll of blinking for 105 gold pieces
 26746 | Orc:2    | Bought a scroll of fear for 49 gold pieces
 26746 | Orc:2    | Bought a scroll of blinking for 105 gold pieces
 26746 | Orc:2    | Bought a scroll of identify for 28 gold pieces
 26783 | Orc:2    | Upgraded the game from 0.19.0-20-gbc5f0c6 to 0.19.0-22-gd96e5fe
 26801 | Orc:2    | Bought a runed great mace for 312 gold pieces
 28271 | D:13     | Noticed a sphinx
 28279 | D:13     | Killed a sphinx
 28938 | D:13     | Reached skill level 16 in Maces & Flails
 29391 | D:13     | Gained mutation: You are completely covered in molten scales. (AC +4, rF+) [demonic ancestry]
 29391 | D:13     | Reached XP level 15. HP: 93/123 MP: 15/15
 30102 | D:14     | HP: 31/124 [water elemental (9)]
 30110 | D:14     | HP: 28/124 [wolf (3)]
 31054 | D:14     | Found a gate to the Vaults.
 31267 | Lair:1   | Identified a scroll of acquirement
 31352 | D:15     | Entered Level 15 of the Dungeon
 31471 | D:15     | Found a glowing golden altar of the Shining One.
 31548 | D:15     | Found a portal to a secret trove of treasure.
 31667 | D:15     | Found Ginn's Distillery.
 31672 | D:15     | Found a radiant altar of Vehumet.
 31806 | D:15     | Reached skill level 17 in Maces & Flails
 32181 | D:15     | Found a staircase to the Depths.
 32508 | D:8      | Reached skill level 14 in Fighting
 32536 | D:8      | HP: 30/126 [deep elf knight/stone arrow (21)]
 32540 | D:8      | HP: 7/126 [deep elf knight/stone arrow (24)]
 33310 | Snake:1  | Entered Level 1 of the Snake Pit
 34429 | Snake:1  | Reached XP level 16. HP: 89/134 MP: 13/16
 34888 | Snake:1  | Found Pogeghak's General Store.
 34913 | Snake:1  | Found Paestridd's General Store.
 34913 | Snake:1  | Found Kuedi's Food Emporium.
 34917 | Snake:1  | Found Wuphi's Food Emporium.
 35052 | Snake:1  | Noticed Aizul
 35158 | Snake:1  | Killed Aizul
 35158 | Snake:1  | Reached skill level 18 in Maces & Flails
 36022 | Snake:1  | Noticed Rupert
 36039 | Snake:1  | Killed Rupert
 37047 | Snake:1  | Reached skill level 15 in Fighting
 37347 | Snake:1  | Found a shimmering altar of Xom.
 37425 | Snake:2  | HP: 39/136 [anaconda (3)]
 37431 | Snake:1  | HP: 39/136 [poisoned by a black mamba]
 37439 | Snake:1  | HP: 40/136 [poisoned by a black mamba]
 37799 | Snake:1  | You fall through a shaft!
 38291 | Snake:2  | Noticed Kirke
 38312 | Snake:2  | Killed Kirke
 39077 | Snake:2  | Reached skill level 19 in Maces & Flails
 39155 | Snake:2  | HP: 40/136 [mana viper (15)]
 39155 | Snake:2  | HP: 19/136 [mana viper (15)]
 39160 | Snake:2  | HP: 29/136 [poisoned by a naga ritualist (splash of poison)]
 39165 | Snake:2  | HP: 23/136 [poisoned by a naga ritualist (splash of poison)]
 39172 | Snake:2  | HP: 23/136 [poisoned by a naga ritualist (splash of poison)]
 39180 | Snake:2  | HP: 24/136 [poisoned by a naga ritualist (splash of poison)]
 39343 | Snake:2  | HP: 33/136 [mana viper (9)]
 39348 | Snake:2  | HP: 24/136 [mana viper (6)]
 39354 | Snake:2  | HP: 24/136 [poisoned by a guardian serpent (bolt of poison)]
 39363 | Snake:2  | HP: 19/136 [black mamba (8)]
 39788 | Snake:1  | Reached skill level 15 in Armour
 40386 | Snake:2  | HP: 40/136 [poisoned by a naga ritualist (toxic radiance)]
 40391 | Snake:2  | HP: 26/136 [naga ritualist/dagger of venom (3)]
 40396 | Snake:2  | HP: 16/136 [poisoned by a naga ritualist]
 40401 | Snake:2  | HP: 13/136 [poisoned by a naga ritualist]
 40406 | Snake:2  | HP: 10/136 [poisoned by a naga ritualist]
 40412 | Snake:2  | HP: 8/136 [poisoned by a naga ritualist]
 40419 | Snake:2  | HP: 7/136 [poisoned by a naga ritualist]
 40426 | Snake:2  | HP: 7/136 [poisoned by a naga ritualist]
 40434 | Snake:2  | HP: 8/136 [poisoned by a naga ritualist]
 40788 | Snake:1  | Reached XP level 17. HP: 116/142 MP: 17/17
 41633 | D:10     | Bought an uncursed ring of flight for 262 gold pieces
 41633 | D:10     | Bought an uncursed amulet of regeneration for 450 gold pieces
 41805 | Swamp:1  | Entered Level 1 of the Swamp
 42996 | Swamp:2  | Reached skill level 16 in Armour
 43950 | Swamp:4  | Entered Level 4 of the Swamp
 44025 | Swamp:3  | Reached skill level 1 in Evocations
 44379 | Swamp:3  | Reached skill level 20 in Maces & Flails
 44437 | Swamp:3  | Reached skill level 2 in Evocations
 44553 | Swamp:4  | Reached skill level 3 in Dodging
 44704 | Swamp:3  | Reached skill level 3 in Evocations
 45213 | Swamp:4  | Reached skill level 4 in Dodging
 45268 | Swamp:4  | Reached skill level 4 in Evocations
 45387 | Swamp:4  | Got a decaying rune of Zot
 45905 | Snake:3  | Found Paodeos's Armour Shoppe.
 46013 | Snake:3  | Found Zipterr's Magic Scroll Shoppe.
 46039 | Snake:3  | Reached skill level 17 in Armour
 46077 | Snake:3  | Found Upairch's Armour Shoppe.
 46079 | Snake:3  | Found Dito's Jewellery Shop.
 46235 | Snake:3  | Found Uhevop's Antique Armour Emporium.
 46477 | Snake:3  | Reached skill level 5 in Dodging
 46477 | Snake:3  | Reached XP level 18. HP: 130/149 MP: 21/21
 46485 | Snake:3  | Reached skill level 5 in Evocations
 46868 | Snake:4  | Entered Level 4 of the Snake Pit
 47163 | Snake:4  | Found Lammelaoju's Gadget Emporium.
 47188 | Snake:4  | Reached skill level 6 in Evocations
 47242 | Snake:4  | Found Ywavutydgh's Jewellery Boutique.
 47243 | Snake:4  | Found Ukag's Gadget Emporium.
 47283 | Snake:4  | Noticed Jorgrun
 47288 | Snake:4  | Reached skill level 6 in Dodging
 47298 | Snake:4  | Killed Jorgrun
 47753 | Snake:4  | Reached skill level 7 in Dodging
 47998 | Snake:4  | Reached skill level 8 in Dodging
 48398 | Snake:4  | Reached skill level 9 in Dodging
 48882 | Snake:4  | Reached skill level 10 in Dodging
 49059 | Snake:4  | HP: 44/149 [naga warrior/war axe (5)]
 49064 | Snake:4  | HP: 34/149 [poisoned by a naga warrior (splash of poison)]
 49070 | Snake:4  | HP: 25/149 [poisoned by a naga warrior (splash of poison)]
 49080 | Snake:4  | HP: 29/149 [naga mage/spear (4)]
 49085 | Snake:4  | HP: 21/149 [naga/splash of poison (1)]
 49090 | Snake:4  | HP: 21/149 [poisoned by a naga (splash of poison)]
 49096 | Snake:4  | HP: 23/149 [poisoned by a naga (splash of poison)]
 49104 | Snake:4  | HP: 26/149 [poisoned by a naga (splash of poison)]
 49112 | Snake:4  | HP: 30/149 [poisoned by a naga (splash of poison)]
 49356 | Snake:4  | Got a transparent chain mail
 49424 | Snake:4  | Got a serpentine rune of Zot
 49695 | Lair:1   | Identified the +3 chain mail "Inemeap" {rF+ Regen+ Int+4} (You found it on level 4 of the Snake Pit)
 49808 | Vaults:1 | Entered Level 1 of the Vaults
 50375 | Vaults:1 | Reached skill level 11 in Dodging
 50965 | Vaults:1 | Reached XP level 19. HP: 99/155 MP: 20/23
 50981 | Vaults:1 | Reached skill level 12 in Dodging
 52215 | Vaults:2 | HP: 46/155 [yaktaur[a vault warden] (11)]
 52222 | Vaults:2 | HP: 14/155 [vault warden/long sword (13)]
 52460 | Vaults:2 | Found a staircase to the Crypt.
 52623 | Vaults:2 | Reached skill level 13 in Dodging
 52632 | Vaults:2 | Noticed a lich
 52637 | Vaults:2 | Killed a lich
 53603 | Vaults:2 | Reached skill level 14 in Dodging
 54386 | Vaults:3 | HP: 45/155 [deep elf knight/shard of ice (17)]
 54710 | Vaults:2 | Reached skill level 15 in Dodging
 55046 | Vaults:3 | Noticed Mennas
 55067 | Vaults:3 | Killed Mennas
 55228 | Vaults:3 | HP: 45/155 [vault warden/great mace (16)]
 55234 | Vaults:3 | HP: 22/155 [vault warden/great mace (5)]
 55247 | Vaults:3 | Gained mutation: You regenerate health from kills. [demonic ancestry]
 55247 | Vaults:3 | Reached XP level 20. HP: 53/162 MP: 11/24
 55707 | Vaults:3 | Reached skill level 16 in Dodging
 55711 | Vaults:3 | Learned a level 1 spell: Apportation
 55713 | Vaults:3 | Learned a level 1 spell: Summon Butterflies
 55717 | Vaults:3 | Learned a level 3 spell: Lesser Beckoning
 56034 | Vaults:3 | Reached skill level 1 in Summonings
 56052 | Vaults:3 | Reached skill level 1 in Necromancy
 56084 | Vaults:3 | Reached skill level 1 in Spellcasting
 56326 | Vaults:3 | Reached skill level 2 in Summonings
 56326 | Vaults:3 | Reached skill level 2 in Necromancy
 56353 | Vaults:3 | Reached skill level 2 in Spellcasting
 56507 | Vaults:4 | Found Bajewn's Antique Armour Boutique.
 56704 | Vaults:4 | Reached skill level 3 in Necromancy
 56759 | Vaults:4 | Reached skill level 3 in Spellcasting
 56759 | Vaults:4 | Reached skill level 3 in Summonings
 56994 | Vaults:4 | Reached skill level 4 in Necromancy
 57037 | Vaults:4 | Reached skill level 4 in Summonings
 57132 | Vaults:4 | Reached skill level 4 in Spellcasting
 57257 | Vaults:4 | Reached skill level 5 in Necromancy
 57398 | Vaults:3 | Reached skill level 5 in Summonings
 58416 | Lair:1   | Learned a level 3 spell: Vampiric Draining
 58525 | Elf:1    | Entered Level 1 of the Elven Halls
 58558 | Elf:1    | Reached skill level 6 in Necromancy
 58592 | Elf:1    | Noticed Azrael
 58597 | Elf:1    | Reached skill level 5 in Spellcasting
 58618 | Elf:1    | Killed Azrael
 58800 | Elf:1    | Identified the Collected Works on Conjuration
 58814 | Elf:1    | Reached skill level 6 in Summonings
 59107 | Elf:1    | Noticed Roxanne
 59158 | Elf:1    | Noticed Donald
 59181 | Elf:1    | Killed Donald
 59341 | Elf:1    | Reached skill level 7 in Necromancy
 59419 | Elf:1    | Noticed Frances
 59471 | Elf:1    | Reached skill level 6 in Spellcasting
 59960 | Elf:2    | Reached skill level 7 in Summonings
 60066 | Elf:2    | Found a runed gate.
 60066 | Elf:2    | Found a runed gate.
 60071 | Elf:2    | Found a runed gate.
 60138 | Elf:2    | Reached XP level 21. HP: 137/168 MP: 24/30
 60343 | Elf:2    | Reached skill level 8 in Necromancy
 60379 | Elf:2    | Got a transparent marble ring
 60593 | Elf:2    | Identified the ring of Neadoges {rC+ Str+5} (You took it off a deep elf knight on level 2 of the Elven Halls)
 60623 | Elf:2    | Reached skill level 7 in Spellcasting
 60828 | Elf:2    | Reached skill level 8 in Summonings
 61612 | Orc:2    | Reached skill level 9 in Necromancy
 61746 | Elf:3    | Entered Level 3 of the Elven Halls
 62147 | Elf:3    | Reached skill level 8 in Spellcasting
 62266 | Elf:3    | Reached skill level 9 in Summonings
 62675 | Elf:3    | Got a steaming plate armour
 62716 | Elf:2    | Identified the +7 plate armour of Pees {Regen+ Int-5 SInv} (You took it off a deep elf blademaster on level 3 of the Elven Halls)
 62822 | Elf:3    | Reached skill level 10 in Necromancy
 62889 | Elf:3    | Got a steaming wooden ring
 62940 | Elf:3    | Got a brightly glowing morningstar {flame}
 62960 | Elf:3    | Identified the +6 morningstar of the Two Names {flame, Str+6 Int+3} (You took it off a deep elf knight on level 3 of the Elven Halls)
 62963 | Elf:3    | Identified the ring of Gaogioco {Wiz Str+5 Stlth-} (You took it off a deep elf knight on level 3 of the Elven Halls)
 62970 | Elf:3    | Identified a +5 rod of inaccuracy (10/10) {!a} (You took it off a deep elf demonologist on level 3 of the Elven Halls)
 63168 | Lair:1   | Got a polished demon whip
 63169 | Lair:1   | Identified the +9 demon whip of Execution {venom, rN+} (You acquired it on level 1 of the Lair of Beasts)
 63648 | Elf:3    | Reached skill level 1 in Shields
 63801 | Elf:3    | Learned a level 2 spell: Blink
 63804 | Elf:3    | Learned a level 2 spell: Repel Missiles
 63876 | Elf:3    | Got a bound sapphire amulet
 63879 | Elf:3    | Identified the amulet of Isowkod {Inacc Str+7} (You found it on level 3 of the Elven Halls)
 64074 | Elf:3    | Reached skill level 9 in Spellcasting
 64991 | Snake:3  | Bought a jacinth-encrusted scale mail for 261 gold pieces
 64991 | Snake:3  | Bought a pair of heavily runed gloves for 275 gold pieces
 65017 | Snake:3  | Bought a +0 helmet of intelligence for 230 gold pieces
 65045 | Snake:3  | Bought an uncursed ring of resist corrosion for 240 gold pieces
 65211 | Lair:1   | Identified the cursed +1 scale mail "Qaowyp" {MR+} (You bought it in a shop on level 3 of the Snake Pit)
 65221 | Lair:1   | Identified the +2 pair of gloves of the Unstoppable Seas {rElec Int+9 Dex-4} (You bought it in a shop on level 3 of the Snake Pit)
 65344 | Lair:1   | Learned a level 3 spell: Regeneration
 65350 | Lair:1   | Learned a level 5 spell: Dispel Undead
 65593 | Vaults:2 | Reached skill level 2 in Shields
 65619 | Crypt:1  | Entered Level 1 of the Crypt
 65743 | Crypt:1  | HP: 38/168 [flayed ghost/flay_damage[a curse skull] (20)]
 65998 | Crypt:1  | Noticed Frederick
 66058 | Crypt:1  | Reached skill level 1 in Charms
 66073 | Crypt:1  | Killed Frederick
 66415 | Crypt:1  | Reached skill level 3 in Shields
 66647 | Crypt:1  | Reached skill level 2 in Charms
 66658 | Crypt:1  | Reached skill level 11 in Necromancy
 67003 | Crypt:2  | Gained mutation: Your flesh is cold resistant. (rC+) [demonic ancestry]
 67003 | Crypt:2  | Reached XP level 22. HP: 136/175 MP: 30/35
 67212 | Crypt:2  | Reached skill level 3 in Charms
 67265 | Crypt:2  | Reached skill level 4 in Shields
 67526 | Crypt:2  | Found a runed gate.
 67526 | Crypt:2  | Found a runed gate.
 67526 | Crypt:2  | Found a runed gate.
 67746 | Crypt:2  | Reached skill level 10 in Spellcasting
 68258 | Crypt:2  | Reached skill level 12 in Necromancy
 68451 | Crypt:2  | Got an ichor-stained morningstar {elec}
 68454 | Crypt:2  | Identified the +7 morningstar of Demand {elec, -Tele rC+ rN+ MR- Dex+9} (You took it off a skeletal warrior on level 2 of the Crypt)
 68699 | Crypt:2  | HP: 39/175 [lich/lance of force (35)]
 69062 | Crypt:2  | Found an ancient bone altar of Kikubaaqudgha.
 69472 | Crypt:2  | Reached skill level 13 in Necromancy
 69671 | Crypt:3  | Entered Level 3 of the Crypt
 70299 | Crypt:3  | Reached skill level 11 in Spellcasting
 70454 | Crypt:3  | HP: 34/175 [ancient champion/stone arrow (35)]
 70693 | Crypt:3  | Reached skill level 14 in Necromancy
 71688 | Crypt:3  | Reached skill level 15 in Necromancy
 71935 | Crypt:3  | HP: 47/175 [flayed ghost (8)]
 71947 | Crypt:3  | Reached skill level 4 in Charms
 72121 | Crypt:2  | Gained mutation: You are immune to freezing clouds. [demonic ancestry]
 72121 | Crypt:2  | Reached XP level 23. HP: 168/181 MP: 36/38
 72361 | Crypt:3  | Found a staircase to the Tomb.
 72484 | Crypt:3  | Reached skill level 5 in Charms
 72794 | Crypt:3  | Reached skill level 6 in Charms
 72930 | Crypt:3  | Got a flickering golden ring
 72952 | Crypt:3  | Identified Esitotae's Reference Book on Evil
 72996 | Crypt:3  | Identified the ring "Suf Roja" {+Fly Str+4 Dex+5 Slay+3} (You found it on level 3 of the Crypt)
 73104 | Crypt:3  | Reached skill level 12 in Spellcasting
 73132 | Crypt:3  | Reached skill level 1 in Translocations
 73489 | Lair:1   | Learned a level 6 spell: Death Channel
 73605 | Depths:1 | Entered Level 1 of the Depths
 73605 | Depths:1 | Noticed newuser's ghost (journeyman MiBe)
 73610 | Depths:1 | Killed newuser's ghost
 73617 | Depths:1 | Reached skill level 2 in Translocations
 73738 | Depths:1 | Found a magical portal.
 73743 | WizLab   | Entered Wucad Mu's Monastery
 74140 | WizLab   | Gained mutation: When low on magic, you restore magic in place of health. [demonic ancestry]
 74140 | WizLab   | Reached XP level 24. HP: 188/188 MP: 39/39
 74314 | Depths:1 | Reached skill level 3 in Translocations
 74379 | Depths:1 | Noticed Sojobo
 74412 | Depths:1 | Killed Sojobo
 74413 | Depths:1 | Reached skill level 7 in Charms
 74426 | Depths:1 | Reached skill level 4 in Translocations
 74809 | Depths:1 | Reached skill level 5 in Translocations
 75160 | Depths:1 | Reached skill level 6 in Translocations
 75334 | Depths:1 | Found a gateway to Hell.
 75496 | Depths:1 | Reached skill level 16 in Necromancy
 75764 | Depths:2 | Found a gateway to a ziggurat.
 75810 | Depths:2 | Reached skill level 7 in Translocations
 76501 | Depths:2 | Reached skill level 8 in Translocations
 76510 | Depths:2 | Paralysed by a floating eye for 2 turns
 76525 | Depths:2 | Reached skill level 17 in Necromancy
 76599 | Depths:2 | Reached skill level 10 in Summonings
 76599 | Depths:2 | Gained mutation: You regenerate a lot of health from kills. [demonic ancestry]
 76599 | Depths:2 | Reached XP level 25. HP: 194/194 MP: 39/39
 77018 | Depths:2 | Reached skill level 18 in Necromancy
 77378 | Depths:3 | Paralysed by a sphinx for 4 turns
 77393 | Depths:3 | Reached skill level 13 in Spellcasting
 77600 | Depths:3 | Found Tewnuv's Book Boutique.
 77933 | Depths:3 | Found a one-way gate leading to the halls of Pandemonium.
 78219 | Depths:4 | Found a one-way gate to the infinite horrors of the Abyss.
 78427 | Depths:4 | Found Ohiufirph's Antique Armour Boutique.
 78431 | Depths:4 | Bought an embroidered cloak for 325 gold pieces
 78497 | Depths:4 | Got a steaming plate armour
 78530 | Depths:4 | Reached skill level 16 in Fighting
 78604 | Depths:4 | Noticed Margery
 78616 | Depths:4 | Killed Margery
 79174 | Depths:4 | Reached skill level 14 in Spellcasting
 79333 | Depths:4 | Identified the +1 plate armour "Enotirr" {rN+ Stlth+} (You found it on level 4 of the Depths)
 79525 | Depths:4 | Noticed an ancient lich
 79591 | Depths:4 | Killed an ancient lich
 79655 | Depths:4 | Reached XP level 26. HP: 119/207 MP: 20/41
 79811 | Depths:4 | Reached skill level 17 in Fighting
 80092 | Depths:5 | Entered Level 5 of the Depths
 80092 | Depths:5 | Found a corrupted altar of Lugonu.
 80169 | Depths:5 | Identified Lugonu's Almanac of Black Rites
 80177 | Depths:5 | Learned a level 4 spell: Control Undead
 80738 | Depths:5 | Reached skill level 18 in Armour
 80866 | Depths:5 | Found a gate to the Realm of Zot.
 81399 | Lair:1   | Learned a level 3 spell: Portal Projectile
 81665 | Vaults:5 | Entered Level 5 of the Vaults
 81783 | Vaults:5 | Reached skill level 18 in Fighting
 82167 | Vaults:5 | Reached skill level 19 in Armour
 82307 | Vaults:5 | Reached skill level 19 in Fighting
 82438 | Vaults:5 | Got a smoking great mace {protect}
 82482 | Vaults:5 | Got a polished great mace {freeze}
 82684 | Vaults:5 | Identified the +7 great mace of the Eggplant {protect, rC- Int+7} (You took it off a deep elf high priest on level 5 of the Vaults)
 82685 | Vaults:5 | Identified the +5 great mace "Xucec" {freeze, rPois Int+2} (You took it off an ironheart preserver on level 5 of the Vaults)
 82960 | Vaults:5 | Found Vaan's Jewellery Shoppe.
 82998 | Vaults:5 | Identified the Catalogue of Igneous Stones
 83181 | Vaults:5 | Got a silver rune of Zot
 83550 | Lair:1   | Learned a level 3 spell: Recall
 83640 | Slime:1  | Entered Level 1 of the Pits of Slime
 83703 | Slime:2  | Gained mutation: A frigid envelope surrounds you and freezes all who hurt you. [demonic ancestry]
 83703 | Slime:2  | Reached XP level 27. HP: 222/222 MP: 41/41
 84036 | Slime:5  | Entered Level 5 of the Pits of Slime
 84758 | Slime:5  | Gained mutation: You are clumsy. (Dex -2) [a shining eye]
 84767 | Slime:5  | Reached skill level 20 in Armour
 84809 | Slime:5  | Reached skill level 20 in Fighting
 84830 | Slime:5  | Noticed the Royal Jelly
 84931 | Slime:5  | Gained mutation: Your muscles are strong. (Str +2) [a shining eye]
 85201 | Slime:5  | Found a viscous altar of Jiyva.
 85537 | Slime:5  | Killed the Royal Jelly
 85596 | Slime:5  | Got a coiled marble ring
 85602 | Slime:5  | Got a heavily runed steel ring
 85619 | Slime:5  | Got a slimy rune of Zot
 85643 | Slime:5  | Got a faintly glowing diamond amulet
 85647 | Slime:5  | Identified Sif Muna's Almanac of Execration and Good Luck
 85707 | Slime:5  | Identified the amulet "Paasuk" {RegenMP rN+ Int+2} (You found it on level 5 of the Pits of Slime)
 85712 | Slime:5  | Identified the ring "Etacw" {Ice rElec Int-4 Dex+4} (You found it on level 5 of the Pits of Slime)
 85714 | Slime:5  | Identified the ring of Qoaxemif {Str+3 Stlth-} (You found it on level 5 of the Pits of Slime)
 85920 | Lair:1   | Learned a level 2 spell: Swiftness
 85942 | Lair:1   | Upgraded the game from 0.19.0-22-gd96e5fe to 0.19.0-24-gb05acd6
 86052 | Snake:1  | Bought a potion of cure mutation for 300 gold pieces
 86052 | Snake:1  | Bought a scroll of magic mapping for 42 gold pieces
 86405 | Lair:1   | Learned a level 6 spell: Shadow Creatures
 86413 | Lair:1   | Learned a level 7 spell: Haunt
 86588 | Pan      | Entered Pandemonium
 86691 | Pan      | Found an exit through the horrors of the Abyss.
 86914 | Pan      | Found a runed door.
 86933 | Pan      | Found a runed door.
 86988 | Pan      | Found a runed door.
 86999 | Pan      | Found a runed door.
 87032 | Pan      | Noticed Urhekai the pandemonium lord
 87044 | Pan      | Gained mutation: You are frail. (-10% HP) [a cacodemon]
 87046 | Pan      | Lost mutation: Your muscles are strong. (Str +2) [a cacodemon]
 87063 | Pan      | HP: 60/218 [Urhekai the pandemonium lord (22)]
 87064 | Pan      | Killed Urhekai the pandemonium lord
 87064 | Pan      | Reached skill level 17 in Dodging
 87288 | Pan      | Found an exit through the horrors of the Abyss.
 87465 | Pan      | HP: 64/218 [blizzard demon/bolt of cold (11)]
 87470 | Pan      | HP: 28/218 [Ice Fiend/bolt of cold (11)]
 87476 | Pan      | HP: 49/218 [blizzard demon/bolt of lightning (2)]
 87714 | Pan      | Got a steaming chain mail
 87718 | Pan      | Identified the +5 chain mail of Zame {rPois} (You took it off a monstrous demonspawn in Pandemonium)
 87754 | Pan      | Noticed Niliuthro the pandemonium lord
 87778 | Pan      | Killed Niliuthro the pandemonium lord
 87862 | Pan      | Noticed Riqur the pandemonium lord
 87875 | Pan      | Paralysed by Riqur for 4 turns
 87884 | Pan      | Killed Riqur the pandemonium lord
 87884 | Pan      | Reached skill level 21 in Fighting
 87884 | Pan      | Reached skill level 18 in Dodging
 88498 | Pan      | HP: 36/220 [Hell Sentinel/damnation (39)]
 88500 | Pan      | HP: 3/220 [Hell Sentinel/damnation (33)]
 88501 | Pan      | Killed from afar by a Hell Sentinel

Skill      XL: |  1  2  3  4  5  6  7  8  9 10 11 12 13 14 15 16 17 18 19 20 21 22 23 24 25 26 27 |
---------------+----------------------------------------------------------------------------------+-----
Maces & Flails | 3 4 11 12 13 14 16 17 19 20 | 20.0
Fighting       | 3 4 6 8 10 12 13 14 15 16 19 21 | 21.3
Armour         | 6 7 9 10 12 13 14 15 17 19 20 | 20.0
Evocations     | 4 6 |  6.0
Dodging        | 5 11 15 16 18 | 18.9
Summonings     | 7 9 10 | 10.4
Necromancy     | 7 11 15 17 18 | 18.0
Spellcasting   | 6 9 11 12 14 | 14.1
Shields        | 3 4 |  4.0
Charms         | 2 4 6 7 |  7.5
Translocations | 2 8 |  8.7
Throwing       | |  1.7

Action                   |  1- 3 |  4- 6 |  7- 9 | 10-12 | 13-15 | 16-18 | 19-21 | 22-24 | 25-27 || total
-------------------------+-------+-------+-------+-------+-------+-------+-------+-------+-------++-------
Melee: Flail             |   141 |   151 |   494 |   704 |       |       |       |       |       ||  1490
       Kick              |     4 |       |       |       |   844 |   855 |  1092 |  1395 |  1386 ||  5576
       Dire flail        |       |       |       |   546 |   935 |       |       |       |       ||  1481
       Morningstar       |       |       |       |       |   881 |       |       |       |       ||   881
       Great mace        |       |       |       |       |   382 |  2215 |  2396 |       |   145 ||  5138
       Demon whip        |       |       |       |       |       |       |   547 |  2775 |  2324 ||  5646
 Fire: Hunting sling     |     9 |     7 |    15 |    15 |       |       |       |       |       ||    46
       Blowgun           |       |       |       |     1 |     1 |     1 |     3 |       |       ||     6
Throw: Stone             |     1 |       |       |     1 |       |       |       |       |       ||     2
       Throwing net      |       |       |     1 |     3 |     1 |     3 |     2 |       |       ||    10
       Tomahawk          |       |       |       |    40 |    19 |       |     7 |       |       ||    66
       Javelin           |       |       |       |    26 |    20 |     4 |     8 |       |    10 ||    68
 Cast: Dispel Undead     |       |       |       |       |       |       |       |    19 |    14 ||    33
       Repel Missiles    |       |       |       |       |       |       |       |     4 |    15 ||    19
       Regeneration      |       |       |       |       |       |       |       |     1 |     2 ||     3
       Death Channel     |       |       |       |       |       |       |       |    15 |    53 ||    68
       Apportation       |       |       |       |       |       |       |       |       |     2 ||     2
       Blink             |       |       |       |       |       |       |       |       |     2 ||     2
       Control Undead    |       |       |       |       |       |       |       |       |     1 ||     1
       Summon Butterflie |       |       |       |       |       |       |       |       |     5 ||     5
       Portal Projectile |       |       |       |       |       |       |       |       |     2 ||     2
 Abil: Evoke Flight      |       |       |       |       |       |     1 |       |       |     1 ||     2
Evoke: Wand              |       |       |       |     7 |     3 |     4 |       |     1 |       ||    15
       Phantom mirror    |       |       |       |       |       |       |       |       |     1 ||     1
  Use: Scroll            |     4 |     5 |    10 |    16 |    13 |     6 |    18 |     5 |    15 ||    92
       Potion            |       |     2 |       |     4 |    10 |     7 |     5 |     3 |    10 ||    41
 Stab: Sleeping          |     1 |       |       |       |       |       |       |     6 |     1 ||     8
       Held in net/web   |       |       |     2 |     4 |       |     4 |     2 |       |       ||    12
       Paralysed         |       |       |       |     2 |       |       |       |       |       ||     2
       Distracted        |       |       |       |       |       |       |     1 |    12 |    42 ||    55
  Eat: Chunk             |     2 |     5 |    12 |    27 |    45 |    29 |    51 |    14 |    41 ||   226
       Pizza             |       |       |     1 |     2 |     1 |     1 |     1 |     1 |     2 ||     9
       Meat ration       |       |       |       |     1 |     1 |     2 |       |     1 |       ||     5
       Bread ration      |       |       |       |       |     1 |     3 |       |     5 |     3 ||    12
       Beef jerky        |       |       |       |       |       |     2 |     1 |     1 |       ||     4
       Royal jelly       |       |       |       |       |       |       |       |       |     1 ||     1
Armor: Leather armour    |    28 |       |       |       |       |       |       |       |       ||    28
       Chain mail        |    52 |   121 |   222 |    14 |       |       |       |       |       ||   409
       Plate armour      |       |       |       |   712 |  1545 |  1556 |  1120 |       |       ||  4933
       Shadow dragon sca |       |       |       |       |       |       |   105 |  1078 |  1086 ||  2269
Dodge: Dodged            |    93 |    76 |   129 |   332 |   780 |   800 |  1278 |  1275 |  1437 ||  6200
       Deflected         |       |       |       |       |       |       |       |    16 |    53 ||    69
Block: Buckler           |       |       |       |       |       |       |    72 |   619 |   557 ||  1248
       Reflection        |       |       |       |       |       |       |     2 |       |       ||     2

Table legend:
 A = Turns spent in this place as a percentage of turns spent in the entire game.
 B = Non-inter-level travel turns spent in this place as a percentage of non-inter-level travel turns spent in the entire game.
 C = Inter-level travel turns spent in this place as a percentage of turns spent in this place.
 D = Turns resting spent in this place as a percentage of non-inter-level travel turns spent in this place.
 E = Turns spent auto-exploring this place as a percentage of non-inter-level travel turns spent in this place.
 F = Non-inter-level travel turns spent in this place divided by the number of levels of this place that you've seen.
                   A       B       C       D       E      F
               +-------+-------+-------+-------+-------+----------------------
         Total | 100.0 | 100.0 |   0.5 |   2.7 |   2.7 | 688.1
       Dungeon |  17.8 |  17.8 |   0.8 |   2.9 |   4.6 | 513.5
        Temple |   0.1 |   0.1 |   4.3 |   0.0 |  38.6 |  44.0
          Lair |   9.5 |   9.5 |   1.2 |   4.3 |   2.8 | 684.2
         Swamp |   4.5 |   4.5 |   0.5 |   3.6 |   4.4 | 484.2
     Snake Pit |  10.3 |  10.3 |   0.3 |   6.5 |   2.7 | 1121.5
    Slime Pits |   4.0 |   4.0 |   0.2 |   1.2 |   0.2 | 343.8
  Orcish Mines |   3.5 |   3.4 |   0.6 |   3.9 |   1.3 | 747.5
   Elven Halls |   7.2 |   7.2 |   0.5 |   3.4 |   2.5 | 1041.0
        Vaults |  14.9 |  14.9 |   0.2 |   1.9 |   1.9 | 1295.8
         Crypt |  12.5 |  12.5 |   0.2 |   1.3 |   1.9 | 1804.3
        Depths |  10.4 |  10.5 |   0.3 |   0.1 |   2.5 | 906.4
   Pandemonium |   3.3 |   3.3 |   0.0 |   1.7 |   2.1 | 180.9
       Ossuary |   1.0 |   1.0 |   0.0 |   2.5 |   0.2 | 437.0
        Wizlab |   1.0 |   1.0 |   0.0 |   1.2 |   0.7 | 430.0
               +-------+-------+-------+-------+-------+----------------------

Vault maps used:
D:1:      dpeg_arrival_castle
D:2:      kennysheep_the_goblin_king, uniq_terence
D:3:      first_bread, kennysheep_boxes
D:4:      ashenzari_altar_1
D:5:      gup_ossuary_entry_pyramid, nicolae_qazlal_style_of_elements
D:6:      uniq_prince_ribbit1, uniq_edmund, uniq_sigmund
D:7:      serial_shops, nicolae_shop_crystal, basic_altar, uniq_joseph
D:8:      minmay_gate_of_8, bh_walls_and_bars
D:9:      uniq_erica
D:10:     serial_shops, kennysheep_mini, shop, shop, shop, uniq_urug,
          uniq_nergalle
D:11:     erik_lair_island, the_bakery
D:12:     david_orc_2, serial_shops, nicolae_shop_waterfront,
          nicolae_shop_crystal
D:13:     minmay_textured_paths, minmay_misc_feat_more_columns
D:14:     grunt_vaults_entry_fortified, serial_ice, serial_ice_f, serial_ice_i,
          serial_ice_c, serial_ice_e, serial_bayou_pond_e
D:15:     grunt_enter_depths_hoard, enter_trove_0, minmay_misc_feat_iff,
          serial_shops, nicolae_shop_stone, basic_altar,
          nicolae_tso_swordbearing_angel
Temple:   regret_index_temple_sigil_plot
Lair:2:   grunt_megastairs_2
Lair:3:   cheibrodos_lair_caveside_slide, minmay_hedge_maze, fungi_pond_lemuel
Lair:4:   minmay_swamp_entry_eels, minmay_snake_entry_guardpost_large,
          infiniplex_staircase_pool, uniq_snorg, uniq_sonja
Lair:6:   cheibrodos_lair_end_hotspot, slime_altar_1
Swamp:1:  evilmike_swamp_ruin_rubble_1, swamp_pool5
Swamp:2:  evilmike_swamp_ruin_house_5
Swamp:3:  evilmike_swamp_ruin_house_1
Swamp:4:  swamp_fiery, swamp_pool1
Snake:1:  basic_altar, hangedman_snake_sidewinding, minmay_shoptagon,
          uniq_aizul, uniq_rupert
Snake:2:  uniq_kirke
Snake:3:  serial_shops, shop_coins, nicolae_shop_trees, nicolae_shop_waterfront,
          nicolae_shop_trees, nicolae_shop_statue_plus
Snake:4:  minmay_snake_end_coiled, minmay_shop_grove, uniq_jorgrun
Orc:1:    uniq_fannar, uniq_harold
Orc:2:    st_orc_rangers, uniq_erolcha
Elf:1:    elf_arrival_001, serial_glass, glass_columns_a, glass_columns_b,
          minmay_elf_annihilation, columned_hall_lemuel,
          kennysheep_underground_church, uniq_frances, uniq_azrael,
          uniq_roxanne, uniq_donald
Elf:3:    grunt_elf_hall_branching
Vaults:1: ontoclasm_vaults_tryst, hangedman_vaults_stitches,
          nicolae_vaults_border_crossing,
          nicolae_vaults_windows_and_doors_thing, grunt_vaults_funnel,
          nicolae_vaults_three_branches, nicolae_vaults_theta, serial_ice_m
Vaults:2: grunt_vaults_hallway_short, grunt_vaults_twisty, v_alt_pattern_2,
          v_misc_2, minmay_crypt_entry_simple_plaza,
          hangedman_vaults_corner_blocks, grunt_vaults_bifocal,
          ontoclasm_vaults_ring_large, v_misc_32, nicolae_vaults_theta,
          nicolae_vaults_little_squares_3, nicolae_vaults_alarming,
          grunt_vaults_hallway_short, vaults_room_pools, vaults_room_corners
Vaults:3: vaults_standard_mumra_enter_the_diamond, hangedman_vaults_capsules,
          v_misc_2, vaults_mumra_minichess, v_misc_8,
          ontoclasm_vaults_ring_square, vaults_room_stairs_pillars,
          nicolae_vaults_little_squares_5, nicolae_vaults_network_quincunx,
          v_misc_1, nicolae_vaults_little_squares_6, nicolae_vaults_murderbox,
          v_alt_pattern_4, ontoclasm_vaults_hangar, uniq_mennas
Vaults:4: vaults_room_boxed, hangedman_vaults_hard_town_square, v_misc_13,
          v_misc_26, v_misc_2, vaults_mumra_chevron_long,
          nicolae_vaults_angled_halls, v_misc_25, grunt_vaults_hallway_short,
          serial_shops, shop
Crypt:1:  minivault_26, minmay_misc_feat_hallway, grunt_megastairs_3,
          grunt_crypt_arrival_split, uniq_frederick
Crypt:2:  cheibrodos_crypt_down_in_the_bonehoard, grunt_ministairs_15,
          pandoras_box_mu
Crypt:3:  due_elkab, nicolae_tomb_entry_grand_gallery
Depths:1: lightli_too_deep, infiniplex_enter_wizlab_spiral,
          minmay_variable_closet, minmay_guarded_unrand_zonguldrok,
          roderic_lattice_octagonal_star, uniq_sojobo
Depths:2: grunt_runaround, hell_entry
Depths:3: hangedman_cross_cluster, serial_shops, nicolae_shop_crystal,
          rand_demon_pan_entry_8, hell_entry
Depths:4: cell_vault, serial_shops, shop_statue, hellmouth_3, nicolae_sextant,
          abyss_entry_crystal, uniq_margery
Depths:5: evilmike_zot_entry_diamond, pf_coc_iceberg, tgw_lugonu_bribe
Pan:      rand_demon_7, nicolae_pan_cerebovesque_1, nicolae_pan_diamonds,
          rand_demon_1, rand_demon_5, rand_demon_2, evilmike_mini_pan_doors,
          pan_blood_fountain_2, nicolae_pan_sigil_eeng, grunt_pan_zigzag,
          evilmike_mini_pan_doors_b
Ossuary:  ossuary_minmay_scorpions
WizLab:   wizlab_wucad
